 Zot Defence DCSS version 0.15.2 (webtiles) character file.

148 Nivan the Skirmisher (level 5, 0/31 (47) HPs)
             Began as a Minotaur Fighter on Nov 2, 2019.
             Slain by a gnoll shaman
             ... wielding a +0 whip
              (10 damage)
             ... in the Realm of Zot (Scenario I: Hall of Zot).
             The game lasted 00:07:47 (622 turns).

Nivan the Skirmisher (Minotaur Fighter)              Turns: 622, Time: 00:07:47

HP   0/31 (47)   AC  7     Str 21      XL: 5   Next:  8%
MP   2/2         EV  7     Int  5      God:
Gold 0           SH  9     Dex 10      Spells:  0 memorised,  4 levels left

rFire  . . .     SeeInvis .     a - +0 long sword
rCold  . . .     Clarity  .     b - +0 scale mail
rNeg   . . .     rCorr    .     c - +0 shield
rPois  .         rRot     .     (helmet restricted)
rElec  .         Spirit   .     (no cloak)
SustAb .         Warding  .     (no gloves)
rMut   .         Stasis   .     (no boots)
Gourm  .                        (no amulet)
MR     .....                    (no ring)
                                (no ring)

@: not resistant to hostile enchantments, extremely unstealthy
A: retaliatory headbutt, horns 2
a: Make oklob sapling, Make arrow trap, Make plant, Remove Curse, Make burning
bush


You were in the Realm of Zot.
You were not hungry.

You visited 1 branch

Inventory:

Hand weapons
 a - a +0 long sword (weapon)
Armour
 b - a +0 scale mail (worn)
 c - a +0 shield (worn)
Comestibles
 f - a bread ration
 m - a rotting chunk of goblin flesh
 o - 3 chunks of human flesh
Scrolls
 k - a scroll of blinking
Potions
 d - 3 potions of curing
 e - a potion of might
 g - a potion of heal wounds
 h - a potion of haste
 i - 2 potions of magic
 j - a potion of berserk rage


   Skills:
 + Level 4.8 Fighting
 + Level 3.4 Long Blades
 + Level 4.7 Armour
 + Level 0.7 Dodging
 + Level 4.6 Shields


You had 4 spell levels left.
You didn't know any spells.

Dungeon Overview and Level Annotations

Branches:
    Zot (1/1)

Altars:


Innate Abilities, Weirdness & Mutations

You reflexively headbutt those who attack you in melee.
You have a pair of horns on your head.


Message History

Your oklob sapling spits acid at the hobgoblin.
The splash of acid hits the hobgoblin.
The hobgoblin writhes in agony as its flesh is eaten away!
You closely miss the hobgoblin.
The hobgoblin is almost dead.
The gnoll shaman hits you with a whip! The hobgoblin closely misses you.
The gnoll shaman closely misses you.
You slash the hobgoblin!
You kill the hobgoblin!
The gnoll shaman hits you with a whip.
A hobgoblin comes into view. It is wielding a club.
You slash the gnoll shaman!
The gnoll shaman is severely wounded.
The gnoll shaman hits you with a whip.
An arrow hits the hobgoblin!
The hobgoblin dies!
You hit the gnoll shaman but do no damage.
You headbutt the gnoll shaman.
The gnoll shaman is severely wounded.
The gnoll shaman hits you with a whip!
You die...

######### ######### ....####
####.... .......### ###.......
.........## ##.........
..........# ▓▓▓▓▓▓▓▓▓ #..........
..........▓▓▓..[P%..▓▓▓..........
..........▓▓....%....▓▓..........
..........▓...%).)....▓..........
..........^....g@)).).^..........
..........▓....g.)....▓..........
..........▓▓.........▓▓..........
..........▓▓▓.......▓▓▓..........
..........▓ ▓▓▓▓▓▓▓▓▓ ▓..........
.........▓▓ ▓▓.........
.......▓▓▓ ▓▓▓....... ....▓▓▓▓
▓▓▓▓.... ▓▓▓▓▓▓▓▓ ▓▓▓▓▓▓▓▓


You could see a gnoll shaman, a hobgoblin and a friendly oklob sapling.

Vanquished Creatures
  2 giant mites (Zot)
  4 oozes (Zot)
  4 goblins (Zot)
  A hobgoblin (Zot)
  A jackal (Zot)
  2 ball pythons (Zot)
  4 bats (Zot)
  A giant gecko (Zot)
  2 giant newts (Zot)
  7 kobolds (Zot)
  5 rats (Zot)
33 creatures vanquished.

Vanquished Creatures (collateral kills)
  Terence (Zot)
  A giant mite (Zot)
  2 giant geckos (Zot)
  2 orcs (Zot)
  A ball python (Zot)
  4 bats (Zot)
  A giant cockroach (Zot)
  A giant newt (Zot)
  2 goblins (Zot)
  3 kobolds (Zot)
18 creatures vanquished.

Vanquished Creatures (others)
  2 hobgoblins (Zot)
  A kobold (Zot)
  A giant newt (Zot)
  A rat (Zot)
5 creatures vanquished.

Grand Total: 56 creatures vanquished

Notes
Turn   | Place    | Note
--------------------------------------------------------------
     0 | Zot      | Nivan, the Minotaur Fighter, began the quest for the Orb.
     0 | Zot      | Reached XP level 1. HP: 19/19 MP: 1/1
   218 | Zot      | Reached skill level 4 in Fighting
   219 | Zot      | Reached XP level 2. HP: 27/27 MP: 1/1
   301 | Zot      | Reached XP level 3. HP: 33/33 MP: 2/2
   428 | Zot      | Reached XP level 4. HP: 41/41 MP: 2/2
   537 | Zot      | Noticed Terence
   543 | Zot      | Killed Terence
   553 | Zot      | Reached XP level 5. HP: 31/31 MP: 2/2
   622 | Zot      | Slain by a gnoll shaman

Action                   |  1- 3 |  4- 6 || total
-------------------------+-------+-------++-------
Melee: Long sword        |    50 |    25 ||    75
 Abil: Make arrow trap   |     2 |       ||     2
       Make oklob saplin |     1 |       ||     1
